Description

This build order is a strong and economically sound 1/1/1 opener for terran where the starport is proxied for a quick 4 hellion drop that hits the protoss main base at 3:50. While doing damage, you are expanding and going into a heavy marine marauder playstyle.

VOD

https://youtu.be/1ZDuuJPQ-l0?t=1901

Replay - Oceanborn_LE_9

Build Order

Get SALT Encoding   

  12  0:01  SCV  Rally first worker to scout, pull one for building depot
  13  0:13  SCV  
  14  0:16  Supply Depot  
  14  0:25  SCV  
  15  0:30  Refinery  
  15  0:38  SCV  
  16  0:45  Barracks  
  16  0:50  SCV  
  17  1:02  SCV  
  18  1:04  Engineering Bay  block protoss expansion. Keep SCV alive for proxy
  18  1:14  SCV  
  19  1:33  Marine, Factory, Orbital Command  
  20  1:41  Supply Depot  
  20  1:53  Barracks Reactor  swap with factory when done
  20  1:58  SCV  
  21  2:10  SCV  
  22  2:23  SCV  
  22  2:26  Starport  In a proxy location for hellion drop
  22  2:28  Supply Depot  slight cut in workers
  23  2:33  Hellion x2  
  27  2:37  Marine  
  28  2:44  Command Center  
  28  2:47  SCV  1 worker
  29  2:56  Hellion x2  pause workers
  33  3:02  Medivac  proxied
  33  3:04  SCV  resume workers
  36  3:09  Refinery  
  36  3:14  Supply Depot  send hellions for drop
  36  3:17  SCV  
  37  3:26  Factory Tech Lab  swap barracks to reactor
  37  3:27  Marine x2  fly starport back to home
  39  3:35  SCV  
  40  3:41  Barracks  
  40  3:48  SCV, Marine x2  
  46  3:56  Cyclone  
  46  4:00  SCV  
  44  4:06  Marine x2  
  43  4:12  SCV  
  45  4:17  Barracks  
  46  4:24  SCV  
  46  4:25  Marine x2  
  46  4:29  Orbital Command  
  46  4:36  SCV  
  47  4:39  Marauder, Stimpack  
  49  4:46  Factory Tech Lab  
  49  4:47  Marine  
  49  4:48  SCV  
  51  4:55  SCV  
  51  4:57  Supply Depot  
  52  5:00  SCV  
  52  5:01  Marine x3  
  52  5:05  Starport Reactor  
  56  5:07  SCV  
  56  5:12  Factory Reactor, SCV  
  58  5:14  Combat Shield  
  58  5:16  Marauder  
  58  5:19  SCV  
  59  5:24  SCV, Marine x3  
  59  5:26  Supply Depot  
  62  5:31  SCV  
  62  5:32  Engineering Bay  
  64  5:36  SCV  
  64  5:37  Supply Depot  
  64  5:41  Medivac x2  
  69  5:48  SCV, Marine x2, Marauder x2  
  74  5:50  Refinery  
  74  5:54  Widow Mine x2  
  78  6:00  Supply Depot  
  78  6:03  Refinery  
  80  6:04  SCV x2  
  80  6:09  Supply Depot  
  80  6:10  Terran Infantry Weapons Level 1  
  82  6:16  Marauder x2  
  86  6:22  SCV x2  
  86  6:23  Concussive Shells  
  86  6:25  Supply Depot  
  88  6:26  Marine x2  
  88  6:31  Medivac  
  92  6:37  Marine, Medivac  
  95  6:44  Widow Mine x2  
  95  6:47  Supply Depot  
  99  6:48  Marauder  
  99  6:50  Marine x2  
  103  6:57  Marauder  
  105  7:02  Command Center  
  105  7:07  Supply Depot  
  105  7:08  SCV x2  
  109  7:16  Widow Mine x2, Armory  
  109  7:19  Marauder x2  
  115  7:30  Barracks x2  
  115  7:32  SCV x2  
  117  7:39  Supply Depot  
  117  7:41  Marauder  
  119  7:44  SCV x2  
  119  7:45  Viking  
  123  7:53  Marauder  
  123  7:56  SCV x2  
  121  8:00  Viking  
  121  8:02  Marauder  
  123  8:08  SCV x2  
  123  8:11  Widow Mine x2  
  127  8:14  Marine x2  
  127  8:15  Supply Depot, Viking  
  128  8:20  SCV x2  
  128  8:22  Barracks Tech Lab x2  
  128  8:26  Orbital Command  
  127  8:29  Terran Infantry Armor Level 1  
  127  8:31  Ghost Academy  
  127  8:33  SCV x2  
  128  8:37  Viking  
  131  8:42  Bunker  
  131  8:45  Viking  
  131  8:47  SCV  
  134  8:53  SCV  
  133  8:59  SCV x2  
  133  9:01  Ghost x3  
  138  9:03  Supply Depot  
  138  9:05  Engineering Bay  
  138  9:06  Marine x2  
  141  9:10  SCV  
  141  9:12  Refinery x2  
  141  9:15  Ghost  
  141  9:16  Viking x2  
  144  9:29  Ghost  
  144  9:30  Command Center  
  146  9:36  Widow Mine x2  
  146  9:37  Ghost  
  150  9:43  Supply Depot  
  150  9:45  Ghost  
  150  9:50  Marauder  
  150  9:51  SCV x3  
  157  9:58  Barracks x2  
Spawning Tool Build Advisor. Get it on Overwolf

Analysis

In the actual game it was played, this drop was powerful and took out 7 probes even though MaxPax went for stargate and had two phoenixes which should "counter" a drop play.

Go to:

Details

  • Created by: jayfurzy
  • Published on: Nov 04, 2023
  • Modified on: Nov 05, 2023
  • Patch: 5.0.11
  • Difficulty: Medium
Show
View Real Time Build Order
Export as new Build Order

Comments (0)

There are no comments. Be the first!

Create an account to comment!